 Dungeon Crawl Stone Soup version 0.25-a0-565-g8875c97ebb (webtiles) character file.

Game seed: 9970207998410726587, levelgen mode: classic

166950 EnegeticOcto the Severer (level 16, -5/258 HPs)
             Began as a Deep Dwarf Fighter on Feb 26, 2020.
             Was a High Priest of Makhleb.
             Slain by an azure jelly (9 damage)
             ... created by the Royal Jelly
             ... on level 5 of the Pits of Slime.
             The game lasted 00:14:54 (14936 turns).

EnegeticOcto the Severer (Deep Dwarf Fighter)      Turns: 14936, Time: 00:14:55

Health: -5/258     AC: 23    Str: 27    XL:     16   Next: 72%
Magic:  1/11       EV:  9    Int: 13    God:    Makhleb [*****.]
Gold:   1169       SH:  0    Dex: 10    Spells: 15/15 levels left

rFire    . . .     SeeInvis +   c - +6 battleaxe (freeze)
rCold    + . .     Gourm    .   (shield currently unavailable)
rNeg     + . .     Faith    .   r - +0 crystal plate armour
rPois    .         Spirit   .   y - +0 helmet {Int+3}
rElec    .         Reflect  .   C - +0 cloak
rCorr    +         Harm     .   G - +4 pair of gloves "Erphyk" {MR++ Int+4 SInv}
MR       +++++                  w - +2 pair of boots of the Sun {MR+ Regen+ Str+2 Int-5}
Stlth    ..........             (no amulet)
HPRegen  0.00/turn              D - ring of resist corrosion
MPRegen  0.12/turn              v - ring of protection from cold

@: berserking, corroded, non-regenerating, very quick
A: damage resistance, heal wounds, blurry vision 1, clumsy 1, deformed body,
negative energy resistance 1, sense surroundings 2, robust 1, shaggy fur 1,
subdued magic 1, no regeneration
}: 2/15 runes: decaying, gossamer
a: Heal Wounds, Minor Destruction, Lesser Servant of Makhleb, Major Destruction,
Greater Servant of Makhleb, Renounce Religion


You were on level 5 of the Pits of Slime.
You worshipped Makhleb.
Makhleb was extremely pleased with you.
You were not hungry.

You visited 6 branches of the dungeon, and saw 31 of its levels.

You collected 2054 gold pieces.
You spent 885 gold pieces at shops.

Inventory:

Hand Weapons
 c - a +6 battleaxe of freezing (weapon)
 l - a +1 antimagic battleaxe
Armour
 b - a +0 chain mail of poison resistance
 r - a +0 crystal plate armour (worn)
 w - the +2 pair of boots of the Sun (worn) {MR+ Regen+ Str+2 Int-5}
   (You bought it in a shop on level 6 of the Dungeon)

   It affects your strength (+2).
   It affects your intelligence (-5).
   It affects your resistance to hostile enchantments.
   It increases your rate of regeneration.
   If you remove this armour, your AC will decrease by 3 (23 -> 20).
 y - a +0 helmet of intelligence (worn)
 C - a +0 cloak (worn)
 G - the +4 pair of gloves "Erphyk" (worn) {MR++ Int+4 SInv}
   (You bought it in a shop on level 6 of the Dungeon)

   It affects your intelligence (+4).
   It affects your resistance to hostile enchantments.
   It lets you see invisible.
   If you remove this armour, your AC will decrease by 5 (23 -> 18).
Jewellery
 v - a ring of protection from cold (right hand)
 D - a ring of resist corrosion (left hand)
 F - a +4 ring of evasion
Wands
 h - a wand of polymorph (16)
 s - a wand of acid (10) {@v1}
 x - a wand of flame (40)
 A - a wand of paralysis (32)
 M - a wand of iceblast (9)
 O - a wand of clouds (8)
 P - a wand of digging (7) {@v2}
Scrolls
 a - 8 scrolls of identify {@r1}
 d - 7 scrolls of enchant armour
 f - 7 scrolls of magic mapping {@r5}
 i - 8 scrolls of teleportation {@r2}
 o - 3 scrolls of fear
 p - 10 scrolls of remove curse {@r6}
 z - 2 scrolls of blinking {@r3}
 E - a scroll of fog
 I - a scroll of brand weapon
 L - a scroll of silence
 N - a scroll of torment
Potions
 g - 3 potions of flight
 j - 2 potions of stabbing {@q5}
 k - a potion of might {@q3}
 m - a potion of resistance {@q6}
 n - a potion of haste {@q4}
 q - a potion of heal wounds {@q2}
 t - 4 potions of lignification {@q7}
 u - a potion of curing {@q1}
 B - 3 potions of berserk rage
 J - 2 potions of mutation
 K - 11 potions of ambrosia
Comestibles
 e - 45 rations


   Skills:
 * Level 13.5 Fighting
 * Level 18.9 Axes
 + Level 11.7 Armour
 + Level 11.3 Dodging
   Level 5.5 Shields
 * Level 16.6 Invocations


You had 15 spell levels left.
You didn't know any spells.
Your spell library was empty.

Dungeon Overview and Level Annotations

Branches:
Dungeon (11/15)            Temple (1/1) D:7            Lair (6/6) D:8
  Swamp (4/4) Lair:2       Spider (4/4) Lair:3        Slime (5/5) Lair:6
    Orc (0/2) D:10

Altars:
Ashenzari
Dithmenos
Elyvilon
Fedhas
Gozag
Makhleb
Nemelex Xobeh
Okawaru
Qazlal
Ru
Vehumet
Xom
The Shining One

Shops:
D:6 (*[}[   D:7 *?}!:   D:8 [   D:10 (}:

Annotations:
D:6 Prince Ribbit
D:8 exclusion: statue
D:9 1 runed translucent door, Yorgos's ghost, novice GnCK
Lair:1 3 runed translucent doors, Leus Uni's ghost, journeyman KoHu
Lair:3 1 runed translucent door, exclusion: 2 oklob plants, Duod's ghost, journeyman MiBe
Swamp:2 Roxanne
Slime:5 Royal Jelly


Innate Abilities, Weirdness & Mutations

You are resistant to damage.
You can heal yourself by infusing magical energy.
You resist negative energy. (rN+)
You passively map the area around you.
You do not regenerate.
Scrolls take you a little longer to read.
You are clumsy. (Dex -2)
Armour fits poorly on your strangely shaped body.
You are robust. (+10% HP)
You are covered in fur. (AC +1)
Your spells are a little easier to cast, but a little less powerful.


Message History

The azure jelly closely misses you. The azure jelly barely misses you.
The azure jelly hits you but does no damage. x4
The azure jelly barely misses you.
The azure jelly hits you but does no damage.
The azure jelly hits you. The azure jelly freezes you! You resist.
* * * LOW HITPOINT WARNING * * *
The azure jelly hits you but does no damage.
The azure jelly hits you.
You are too injured to fight recklessly!
You are too injured to fight recklessly!
You are too injured to fight recklessly!
Your magical essence is drained by the effort!
You feel much better. The acid blob spits acid at you.
The splash of acid hits you. You resist.
You are splashed with acid.
You resist.
The azure jelly hits you but does no damage. x3
The azure jelly barely misses you. x2
The azure jelly hits you but does no damage.
The azure jelly hits you!
The azure jelly hits you but does no damage. x2
The azure jelly hits you. The azure jelly freezes you!! You resist.
* * * LOW HITPOINT WARNING * * *
The azure jelly hits you.
The azure jelly hits you but does no damage.
The acid blob hits you!
* * * LOW HITPOINT WARNING * * *
You are splashed with acid.
You resist.
You feel much better.
The azure jelly hits you but does no damage.
The azure jelly hits you.
* * * LOW HITPOINT WARNING * * *
The azure jelly freezes you! You resist.
* * * LOW HITPOINT WARNING * * *
The azure jelly hits you but does no damage. x3
The azure jelly barely misses you.
The azure jelly hits you but does no damage.
The azure jelly hits you.
The azure jelly hits you but does no damage.
The azure jelly misses you. The azure jelly hits you.
* * * LOW HITPOINT WARNING * * *
The azure jelly barely misses you. The acid blob spits acid at you.
The splash of acid hits you but does no damage.
You are splashed with acid.
You resist.
* * * LOW HITPOINT WARNING * * *
A red film seems to cover your vision as you go berserk!
You feel yourself moving faster!
You feel mighty!
The azure jelly hits you but does no damage.
The azure jelly completely misses you. The azure jelly closely misses you.
The azure jelly hits you.
* * * LOW HITPOINT WARNING * * *
The azure jelly hits you but does no damage. x5
The azure jelly hits you.
* * * LOW HITPOINT WARNING * * *
The azure jelly freezes you! You resist.
* * * LOW HITPOINT WARNING * * *
The azure jelly hits you but does no damage.
The azure jelly closely misses you. The acid blob spits acid at you.
The splash of acid hits you but does no damage.
You are splashed with acid!
You resist.
* * * LOW HITPOINT WARNING * * *
The eye of draining gazes at you.
You feel your power leaking away.
The azure jelly hits you but does no damage. x2
The azure jelly closely misses you.
The azure jelly hits you but does no damage.
The glowing orange brain pulsates.
The glowing orange brain radiates an aura of fear!
You resist with almost no effort.
You slash the acid blob! You freeze the acid blob.
Your hands burn!
The acid blob is moderately wounded.
You slash the azure jelly! You slice the azure jelly!!
You freeze the azure jelly. You hit the azure jelly.
The azure jelly hits you but does no damage. x3
The azure jelly hits you.
* * * LOW HITPOINT WARNING * * *
The azure jelly hits you but does no damage.
The azure jelly barely misses you. x2
The azure jelly hits you but does no damage.
The Royal Jelly jiggles.
The acid blob hits you!!
* * * LOW HITPOINT WARNING * * *
You are splashed with acid.
You resist.
* * * LOW HITPOINT WARNING * * *
You open the acid blob like a pillowcase!!!
You freeze the acid blob!
Your hands burn!
The acid blob is almost dead.
Your crystal plate armour prevents you from hitting the azure jelly.
You slash the azure jelly! You freeze the azure jelly.
You closely miss the azure jelly.
The azure jelly hits you but does no damage.
The azure jelly closely misses you.
The azure jelly hits you but does no damage. x2
The glowing orange brain pulsates.
You resist with almost no effort. The azure jelly hits you.
* * * LOW HITPOINT WARNING * * *
The azure jelly freezes you! You resist.
You die...

##....................
##......................
,,
#...<...................
, ,
........................
, ,
........................
,
........................
................JJ......
...............JJJJ.....
............#.##@#.##..
, , ............####J#
...........## #GJ# ,* *
,,, ..........## ##J# *
,, , .........## * G# ,,
, ........## ,, ##,
........# *,.## , * .#:
, ** , ,, ** .### * ,


You could see the Royal Jelly, an acid blob, 6 azure jellies, a glowing orange
brain, a death ooze and an eye of draining.

Vanquished Creatures
  A tentacled monstrosity (Swamp:1)
  5 acid blobs
  3 azure jellies
  A thorn hunter (Swamp:4)
  2 ghost moths (Spider:4)
  3 emperor scorpions (Spider:4)
  A dire elephant (Lair:6)
  2 death oozes
  2 great orbs of eyes
  Josephine (D:10)
  15 hydras
  Fannar (D:10)
  4 shambling mangroves
  A centaur warrior (D:11)
  2 two-headed ogres (D:11)
  5 death yaks
  A catoblepas (Lair:6)
  7 alligators
  A deep troll shaman (Lair:6)
  Nergalle (Lair:2)
  An unseen horror (D:10)
  9 swamp dragons
  Pikel (D:9)
  4 orb spiders
  A cyclops (D:11)
  2 shining eyes
  11 wolf spiders
  A moth of wrath (Spider:4)
  14 elephants
  A centaur zombie (D:11)
  Maurice (D:10)
  6 black mambas
  9 spiny frogs
  2 torpor snails
  A gargoyle (D:11)
  Maggie (D:10)
  5 demonic crawlers (Spider:4)
  A rime drake (Lair:6)
  9 komodo dragons
  An efreet (D:11)
  A meliai (D:11)
  2 polar bears
  5 tyrant leeches
  Grinder (D:3)
  16 jumping spiders
  2 trolls
  18 hornets
  7 bog bodies
  5 hippogriffs
  A queen bee (D:9)
  4 dream sheep
  42 slime creatures
  13 blink frogs
  3 spriggans
  32 redbacks
  19 tarantellas
  5 wraiths (D:10)
  A shadow (Swamp:1)
  2 wyverns
  14 vampire mosquitoes
  28 yaks
  4 basilisks
  A hungry ghost (D:8)
  Edmund (D:6)
  8 swamp worms
  6 insubstantial wisps (Swamp:4)
  12 water moccasins
  Duvessa (D:7)
  9 porcupines
  5 orc warriors
  8 swamp drakes
  An ice beast (D:7)
  A sky beast (D:10)
  A slave (D:9)
  3 black bears
  2 eyes of draining
  2 necrophages
  3 phantoms
  8 ogres
  10 wolves
  13 crocodiles
  2 centaurs
  9 big kobolds
  2 wyvern zombies
  13 bullfrogs
  Dowan (D:7)
  4 scorpions
  33 killer bees
  3 wights (D:9)
  2 howler monkeys (D:7)
  2 electric eels
  7 crimson imps
  2 quasits
  3 jellies
  A bullfrog zombie (D:7)
  8 hounds
  7 orc priests
  A bullfrog skeleton (D:8)
  2 centaur skeletons
  9 orc wizards
  Ijyb (D:5)
  5 iguanas
  6 worker ants
  Terence (D:3)
  2 hound zombies
  A hound skeleton (D:10)
  2 worker ant zombies
  13 gnolls
  13 adders
  3 shadow imps (D:5)
  A white imp (D:8)
  An adder skeleton (D:7)
  A worm (D:3)
  5 leopard geckos
  37 orcs
  3 giant cockroaches
  3 goblins
  A hobgoblin (D:3)
  4 jackals (D:9)
  6 quokkas
  A ball python (D:7)
  A bat (D:3)
  2 frilled lizards
  22 kobolds
  A leopard gecko skeleton (D:7)
  3 quokka zombies
  8 rats
  A bush (Lair:6)
  6 fungi
  5 plants
730 creatures vanquished.

Vanquished Creatures (collateral kills)
  Donald (Swamp:4)
  A ghost moth (Spider:4)
  4 emperor scorpions (Spider:4)
  5 hydras
  3 orb spiders (Spider:4)
  A shining eye (Slime:5)
  A demonic crawler (Spider:4)
  3 jumping spiders (Spider:4)
  2 slime creatures (Slime:2)
  3 redbacks
  A tarantella (Spider:4)
  A yak (Lair:3)
  2 swamp drakes (Swamp:4)
28 creatures vanquished.

Vanquished Creatures (others)
  A jumping spider (Spider:2)
  An iguana (D:9)
  A fungus (Lair:6)
  2 plants
5 creatures vanquished.

Grand Total: 763 creatures vanquished

Notes
Turn   | Place    | Note
-------+----------+-------------------------------------------
     0 | D:1      | EnegeticOcto the Deep Dwarf Fighter began the quest for the
                  | Orb.
     0 | D:1      | Reached XP level 1. HP: 20/20 MP: 1/1
   180 | D:3      | Reached XP level 2. HP: 22/27 MP: 2/2
   246 | D:3      | Reached XP level 3. HP: 28/34 MP: 3/3
   250 | D:3      | Reached skill level 1 in Dodging
   275 | D:3      | Noticed Terence
   280 | D:3      | Killed Terence
   280 | D:3      | Reached skill level 3 in Axes
   280 | D:3      | Reached XP level 4. HP: 29/42 MP: 4/4
   350 | D:3      | Noticed Grinder
   359 | D:3      | Paralysed by Grinder for 2 turns
   366 | D:3      | Paralysed by Grinder for 3 turns
   372 | D:3      | Killed Grinder
   372 | D:3      | Reached skill level 4 in Axes
   372 | D:3      | Reached XP level 5. HP: 50/50 MP: 4/4
   372 | D:3      | Reached XP level 6. HP: 57/57 MP: 5/5
   773 | D:4      | Reached XP level 7. HP: 45/66 MP: 6/6
   791 | D:4      | Reached skill level 5 in Axes
   836 | D:4      | You fall into a shaft and drop 2 floors!
   930 | D:5      | Entered Level 5 of the Dungeon
   972 | D:5      | Found a glowing golden altar of the Shining One.
   989 | D:5      | Noticed Ijyb
  1005 | D:5      | Killed Ijyb
  1197 | D:5      | Reached skill level 5 in Fighting
  1241 | D:5      | Reached skill level 5 in Armour
  1241 | D:5      | Reached skill level 5 in Shields
  1241 | D:5      | Reached XP level 8. HP: 51/74 MP: 5/5
  1254 | D:5      | Reached skill level 6 in Axes
  1528 | D:4      | Found a shattered altar of Ashenzari.
  1532 | D:4      | Found a blossoming altar of Fedhas.
  1532 | D:4      | Found a sparkling altar of Nemelex Xobeh.
  1534 | D:4      | Found a white marble altar of Elyvilon.
  1537 | D:4      | Found a stormy altar of Qazlal.
  1755 | D:5      | Found a shimmering altar of Xom.
  1860 | D:5      | Found a shadowy altar of Dithmenos.
  2006 | D:6      | Found Ysob's Antique Weapon Shop.
  2030 | D:6      | Found a sacrificial altar of Ru.
  2109 | D:6      | Found Lonuesij's Gadget Shop.
  2139 | D:6      | Found Zasew's Antique Armour Emporium.
  2330 | D:6      | Noticed Edmund
  2331 | D:6      | Found Nuez's General Store.
  2331 | D:6      | Found Uniwunoz's Antique Armour Shoppe.
  2350 | D:6      | Killed Edmund
  2417 | D:6      | Bought a pair of fine gloves for 285 gold pieces
  2422 | D:6      | Identified the +4 pair of gloves "Erphyk" {MR++ Int+4 SInv}
                  | (You bought it in a shop on level 6 of the Dungeon)
  2490 | D:6      | Noticed Prince Ribbit
  2663 | D:7      | Identified a scroll of acquirement
  2663 | D:7      | Identified the +0 pair of boots "Lebibbir" {+Inv MP+9
                  | Dex-5} (You acquired it on level 7 of the Dungeon)
  2695 | D:7      | Reached skill level 13 in Axes
  2695 | D:7      | Gained mutation: You passively map the area around you.
                  | [Deep Dwarf growth]
  2695 | D:7      | Reached XP level 9. HP: 54/82 MP: 6/6
  2696 | D:7      | Gained mutation: You are clumsy. (Dex -2) [potion of
                  | mutation]
  2696 | D:7      | Gained mutation: You are robust. (+10% HP) [potion of
                  | mutation]
  2696 | D:7      | Gained mutation: You are covered in fur. (AC +1) [potion of
                  | mutation]
  2700 | D:7      | Found Hevilulog's General Store.
  2863 | D:7      | Noticed Duvessa
  2863 | D:7      | Noticed Dowan
  2868 | D:7      | Killed Duvessa
  2868 | D:7      | Killed Dowan
  2884 | D:7      | Found a staircase to the Ecumenical Temple.
  2909 | Temple   | Entered the Ecumenical Temple
  2919 | Temple   | Became a worshipper of Makhleb the Destroyer
  2977 | D:7      | Found Ocrogar's Gadget Boutique.
  2995 | D:7      | Reached skill level 1 in Invocations
  3036 | D:7      | Found Bifi's Magic Scroll Shoppe.
  3151 | D:7      | Found Xozats's Distillery.
  3217 | D:7      | Found Xaadyud's Book Shoppe.
  3359 | D:8      | Reached XP level 10. HP: 82/101 MP: 3/7
  3360 | D:8      | Reached skill level 14 in Axes
  3457 | D:8      | Identified the amulet of Xom's Sleight of Hands {Reflect
                  | rC+ SH+2} (You acquired it on level 8 of the Dungeon)
  3599 | D:6      | Bought a pair of translucent boots for 285 gold pieces
  3599 | D:6      | Bought a shiny helmet for 225 gold pieces
  3609 | D:6      | Identified the +2 pair of boots of the Sun {MR+ Regen+
                  | Str+2 Int-5} (You bought it in a shop on level 6 of the
                  | Dungeon)
  3651 | D:7      | Bought a scroll of magic mapping for 45 gold pieces
  3651 | D:7      | Bought a scroll of magic mapping for 45 gold pieces
  3785 | D:8      | Reached * piety under Makhleb
  3854 | D:8      | Noticed a two-headed hydra
  3921 | D:8      | Found a staircase to the Lair.
  3937 | D:8      | Found a radiant altar of Vehumet.
  4048 | D:8      | Reached skill level 5 in Dodging
  4365 | D:8      | Found Numeulahe's Armour Emporium.
  4588 | D:8      | Found an iron altar of Okawaru.
  4797 | D:9      | Noticed Pikel
  4808 | D:9      | Killed Pikel
  4946 | D:9      | Reached ** piety under Makhleb
  4951 | D:9      | Reached skill level 5 in Invocations
  4964 | D:9      | Reached XP level 11. HP: 110/110 MP: 10/10
  5340 | D:9      | Reached *** piety under Makhleb
  5360 | D:9      | Found a runed translucent door.
  5366 | D:9      | Found a shimmering altar of Xom.
  5366 | D:9      | Noticed Yorgos's ghost (novice GnCK)
  5367 | D:9      | Noticed a +0 mace of chaos
  5822 | D:10     | Entered Level 10 of the Dungeon
  5862 | D:10     | Noticed Maggie
  5872 | D:10     | Killed Maggie
  5894 | D:10     | Found a staircase to the Orcish Mines.
  5895 | D:10     | Noticed an unseen horror
  5917 | D:10     | Killed an unseen horror
  5940 | D:10     | Found Sezev's Book Shop.
  6053 | D:10     | Found Zoronk's Gadget Boutique.
  6069 | D:10     | Found Exohouk's Weapon Emporium.
  6101 | D:10     | Noticed Josephine
  6117 | D:10     | Killed Josephine
  6121 | D:10     | Reached **** piety under Makhleb
  6167 | D:10     | Noticed Fannar
  6185 | D:10     | Killed Fannar
  6270 | D:10     | Noticed Maurice
  6288 | D:10     | Killed Maurice
  6556 | D:11     | Reached skill level 15 in Axes
  6658 | D:11     | Reached XP level 12. HP: 123/123 MP: 14/14
  6913 | D:11     | Noticed a two-headed ogre
  6918 | D:11     | Killed a two-headed ogre
  6978 | D:11     | Noticed a two-headed ogre
  6985 | D:11     | Killed a two-headed ogre
  7160 | D:11     | Noticed a centaur warrior
  7173 | D:11     | Killed a centaur warrior
  7413 | D:7      | Killed a 14-headed hydra
  7499 | Lair:1   | Entered Level 1 of the Lair of Beasts
  7608 | Lair:1   | Noticed Leus Uni's ghost (journeyman KoHu)
  7609 | Lair:1   | Found a runed translucent gate.
  7609 | Lair:1   | Found a runed translucent gate.
  7610 | Lair:1   | Found a runed translucent gate.
  8195 | Lair:2   | Found a staircase to the Swamp.
  8270 | Lair:2   | Noticed Nergalle
  8284 | Lair:2   | Killed Nergalle
  8284 | Lair:2   | Reached skill level 10 in Invocations
  8481 | Lair:3   | Found a runed translucent door.
  8482 | Lair:3   | Noticed Duod's ghost (journeyman MiBe)
  8547 | Lair:3   | Noticed a six-headed hydra
  8559 | Lair:3   | Killed a 12-headed hydra
  8725 | Lair:3   | Noticed a seven-headed hydra
  8741 | Lair:3   | Killed an 18-headed hydra
  8803 | Lair:3   | Reached XP level 13. HP: 119/134 MP: 16/16
  9013 | Lair:3   | Found a hole to the Spider Nest.
  9244 | Lair:4   | Reached skill level 16 in Axes
  9339 | Lair:4   | Reached skill level 10 in Fighting
  9354 | Lair:4   | Reached ***** piety under Makhleb
 10144 | Lair:5   | Found a shimmering altar of Xom.
 10490 | Lair:6   | Entered Level 6 of the Lair of Beasts
 10618 | Lair:6   | Found a staircase to the Slime Pits.
 11163 | Lair:6   | Gained mutation: You resist negative energy. (rN+) [Deep
                  | Dwarf growth]
 11163 | Lair:6   | Reached XP level 14. HP: 146/146 MP: 19/19
 11480 | Swamp:1  | Entered Level 1 of the Swamp
 11480 | Swamp:1  | Noticed a tentacled monstrosity
 11493 | Swamp:1  | Killed a tentacled monstrosity
 11693 | Swamp:2  | Reached skill level 17 in Axes
 11946 | Swamp:2  | Identified Roxanne's Guide on Changing
 11946 | Swamp:2  | Noticed Roxanne
 12074 | Swamp:2  | Reached skill level 10 in Armour
 12148 | Swamp:4  | Entered Level 4 of the Swamp
 12179 | Swamp:4  | Reached ****** piety under Makhleb
 12243 | Swamp:4  | HP: 5/149 [shambling mangrove (9)]
 12497 | Swamp:4  | Noticed Donald
 12517 | Swamp:4  | Killed Donald
 12517 | Swamp:4  | Reached XP level 15. HP: 68/158 MP: 19/19
 12542 | Swamp:4  | Noticed a thorn hunter
 12555 | Swamp:4  | Reached skill level 10 in Dodging
 12565 | Swamp:4  | Killed a thorn hunter
 12616 | Swamp:4  | Got a decaying rune of Zot
 12841 | Spider:1 | Entered Level 1 of the Spider Nest
 12873 | Spider:1 | Reached skill level 18 in Axes
 13012 | Spider:2 | Reached skill level 15 in Invocations
 13116 | Spider:4 | Entered Level 4 of the Spider Nest
 13249 | Spider:4 | Noticed a ghost moth
 13265 | Spider:4 | Killed a ghost moth
 13683 | Spider:4 | Reached XP level 16. HP: 102/169 MP: 20/20
 14231 | Spider:4 | Got a gossamer rune of Zot
 14512 | Slime:1  | Entered Level 1 of the Pits of Slime
 14536 | Slime:2  | Gained mutation: Your spells are a little easier to cast,
                  | but a little less powerful. [a shining eye]
 14585 | Slime:3  | Noticed an acid blob
 14590 | Slime:3  | Noticed an acid blob
 14596 | Slime:3  | Killed an acid blob
 14614 | Slime:5  | Entered Level 5 of the Pits of Slime
 14617 | Slime:5  | Gained mutation: Armour fits poorly on your strangely
                  | shaped body. [a shining eye]
 14621 | Slime:5  | Gained mutation: Scrolls take you a little longer to read.
                  | [a shining eye]
 14629 | Slime:5  | Noticed an acid blob
 14632 | Slime:5  | Noticed an acid blob
 14641 | Slime:5  | Noticed an acid blob
 14654 | Slime:4  | Killed an acid blob
 14823 | Slime:5  | Killed an acid blob
 14828 | Slime:5  | Killed an acid blob
 14888 | Slime:5  | Noticed an acid blob
 14893 | Slime:5  | Killed an acid blob
 14896 | Slime:5  | Noticed the Royal Jelly
 14912 | Slime:5  | Noticed an acid blob
 14935 | Slime:5  | HP: 8/258 [acid blob[the Royal Jelly] (21)]
 14936 | Slime:5  | Slain by an azure jelly

Levels and vault maps discovered:
D:1:      roderic_dead_forest, layout_basic
D:2:      layout_basic, okawaru_trees_2
D:3:      layout_loops_corners, uniq_grinder, uniq_jessica, uniq_terence,
          uniq_crazy_yiuf_cottage, uniq_sigmund
D:4:      lemuel_upstairs_altar, layout_cave_pools, minitemple, minmay_circle_x
D:5:      layout_loops_ring, tgw_xom, tso_altar, first_ration,
          grunt_dithmenos_shadows, uniq_ijyb
D:6:      layout_loops_cross, nicolae_ru_the_path_less_chosen, serial_shops,
          shop_fountains, shop_statue, shop, shop, shop, uniq_prince_ribbit1,
          uniq_edmund
D:7:      layout_gridville, minmay_temple_entry_glassed_door, serial_shops,
          shop, shop, shop_statue, shop, kennysheep_little_box,
          minmay_increasing_density, uniq_duvessa
D:8:      layout_layer_cave, kennysheep_mini, vehumet_statue,
          grunt_lair_entry_orc_guard_hut, serial_shops, shop, hangedman_ranch
          [blue_anna_fruit_fields], minmay_fire_ice_demons
D:9:      layout_basic, special_room [special_room_bee], ebering_ghost_xom,
          uniq_pikel
D:10:     layout_loops_ring, david_orc_2, serial_shops,
          nicolae_shop_behind_doors, shop, shop, minmay_misc_feat_doors,
          minivault_16, uniq_maurice, uniq_josephine, uniq_maggie, uniq_fannar
D:11:     minmay_cornered_nines, layout_loops_ring, minmay_joined_circles
Temple:   hc_temple_tempest_star
Lair:1:   layout_loops_ring, gammafunk_ghost_split, serial_bayou_shore_b
Lair:2:   layout_loops_ring, swamp_mist_pool, grunt_megastairs_4, uniq_nergalle
Lair:3:   layout_roguey, dummy_spider_entry, hellmonk_ghost_happy_afterlife,
          nicolae_lair_grove_arrangements, minmay_lair_oklob_chamber,
          lemuel_fruit_tree
Lair:4:   layout_regular_city, chequers_serial_rivers_small_3, minmay_holes,
          serial_bayou_lagoon_a, beast_lair_carwin_1
Lair:5:   layout_concentric_octagons, basic_altar
Lair:6:   grunt_lair_end_beastmaster, layout_regular_city, slime_dummy,
          infiniplex_staircase_pool, serial_bayou_shore_b
Swamp:1:  layout_basic_swamp, evilmike_swamp_ruin_rubble_1, swamp_pool2
Swamp:2:  layout_basic_swamp, nicolae_swamp_treefoil, uniq_roxanne
Swamp:3:  layout_basic_swamp, hangedman_swamp_cone, swamp_pool3,
          nicolae_swamp_necromancer_hut
Swamp:4:  swamp, layout_basic_swamp, uniq_donald
Spider:1: layout_spider_delve, hangedman_spider_mandibles
Spider:2: hangedman_creepy_crawlies
Spider:3: layout_spider_delve, guppyfry_spider_mini_1, uniq_azrael
Spider:4: grunt_spider_rune_circles, spiders_nest_ghost_moth_duel
Slime:1:  layout_caves
Slime:2:  layout_caves
Slime:3:  layout_caves
Slime:4:  cheibrodos_slime_lost_civilization_10, layout_caves
Slime:5

Skill      XL: |  1  2  3  4  5  6  7  8  9 10 11 12 13 14 15 16 |
---------------+-------------------------------------------------+-----
Fighting       | 3 4 5 6 7 8 9 10 11 12 13 | 13.5
Dodging        | 1 2 3 4 5 6 7 8 9 10 11 | 11.3
Axes           | 3 4 5 13 14 15 16 17 18 | 18.9
Armour         | 4 5 6 7 8 9 10 11 | 11.7
Shields        | 4 5 |  5.5
Invocations    | 1 5 8 10 12 14 15 16 | 16.6

Action                   |  1- 3 |  4- 6 |  7- 9 | 10-12 | 13-15 | 16-18 || total
-------------------------+-------+-------+-------+-------+-------+-------++-------
Melee: War axe           |    43 |    99 |   248 |       |       |       ||   390
       Battleaxe         |       |       |    58 |   660 |   916 |   242 ||  1876
Invok: Lesser Servant of |       |       |       |     5 |     2 |    11 ||    18
       Greater Servant o |       |       |       |       |     6 |     1 ||     7
 Abil: Heal Wounds       |     2 |     2 |    13 |     4 |    12 |    33 ||    66
  Use: Scroll            |       |       |    20 |     6 |     7 |     3 ||    36
       Potion            |       |       |     2 |       |     7 |    10 ||    19
 Stab: Distracted        |       |       |       |     1 |     2 |     1 ||     4
  Eat: Chunk             |       |       |     9 |    18 |    17 |       ||    44
       Ration            |       |       |       |       |       |     2 ||     2
Armor: Scale mail        |    15 |    58 |   147 |    28 |       |       ||   248
       Crystal plate arm |       |       |       |   607 |   286 |   249 ||  1142
       Chain mail        |       |       |       |       |   492 |   116 ||   608
Dodge: Dodged            |    11 |    54 |   155 |   421 |   869 |   222 ||  1732
Block: Kite shield       |    21 |    86 |   176 |       |       |       ||   283

Table legend:
 A = Non-vault XP
 B = Vault XP
 C = Vault XP percentage of total XP
 D = Non-vault monster count
 E = Vault monster count
 F = Vault count percentage of total count
                 A         B        C        D         E       F
            +---------+---------+-------+---------+---------+-------
      Total |  117705 |   78649 |  40.1 |     542 |     202 |  27.2
            +---------+---------+-------+---------+---------+-------
        D:1 |       8 |       0 |   0.0 |       5 |       0 |   0.0
        D:2 |       2 |       0 |   0.0 |       1 |       0 |   0.0
        D:3 |      87 |     313 |  78.2 |      16 |       2 |  11.1
        D:4 |     360 |      56 |  13.5 |      16 |       2 |  11.1
        D:5 |     741 |     137 |  15.6 |      19 |       9 |  32.1
        D:6 |     317 |     173 |  35.3 |      12 |       1 |   7.7
        D:7 |     769 |    1168 |  60.3 |      25 |       6 |  19.4
        D:8 |    1076 |    1924 |  64.1 |      15 |      15 |  50.0
        D:9 |    2082 |    2409 |  53.6 |      45 |      26 |  36.6
       D:10 |    1733 |    4149 |  70.5 |      28 |      15 |  34.9
       D:11 |    3648 |    4002 |  52.3 |      30 |      18 |  37.5
     Lair:1 |    1036 |       0 |   0.0 |       5 |       0 |   0.0
     Lair:2 |    3884 |     897 |  18.8 |      15 |       2 |  11.8
     Lair:3 |    7751 |      93 |   1.2 |      29 |       1 |   3.3
     Lair:4 |    3482 |    2417 |  41.0 |      13 |       8 |  38.1
     Lair:5 |    6006 |       0 |   0.0 |      25 |       0 |   0.0
     Lair:6 |    9294 |    9324 |  50.1 |      35 |      17 |  32.7
    Swamp:1 |    8966 |       0 |   0.0 |      21 |       0 |   0.0
    Swamp:2 |   10075 |       0 |   0.0 |      29 |       0 |   0.0
    Swamp:4 |   16401 |   19934 |  54.9 |      55 |      28 |  33.7
   Spider:1 |    3602 |       0 |   0.0 |      14 |       0 |   0.0
   Spider:2 |    3074 |       0 |   0.0 |       9 |       0 |   0.0
   Spider:3 |    2159 |       0 |   0.0 |       8 |       0 |   0.0
   Spider:4 |   12670 |   23717 |  65.2 |      39 |      47 |  54.7
    Slime:1 |    1133 |       0 |   0.0 |       1 |       0 |   0.0
    Slime:2 |    9189 |       0 |   0.0 |      26 |       0 |   0.0
    Slime:3 |    2652 |       0 |   0.0 |       2 |       0 |   0.0
    Slime:4 |    2384 |       0 |   0.0 |       1 |       0 |   0.0
    Slime:5 |    3124 |    7936 |  71.8 |       3 |       5 |  62.5
            +---------+---------+-------+---------+---------+-------
